 Dungeon Crawl Stone Soup version 0.20.0-15-g7f486f2 (webtiles) character file.

10269 botchamania the Cleaver (level 11, 0/87 HPs)
             Began as a Demonspawn Gladiator on June 27, 2017.
             Was an Initiate of Gozag.
             Slain by an ice devil (11 damage)
             ... in an ice cave.
             The game lasted 00:33:39 (9856 turns).

botchamania the Cleaver (Demonspawn Gladiator)      Turns: 9856, Time: 00:33:42

Health: 0/87       AC:  9    Str: 21    XL:     11   Next: 34%
Magic:  11/11      EV: 19    Int: 10    God:    Gozag
Gold:   931        SH:  0    Dex: 23    Spells: 10/10 levels left

rFire    + . .     SeeInvis .   d - +0 scimitar (flame)
rCold    + . .     Gourm    .   (no shield)
rNeg     . . .     Faith    .   i - +0 scale mail
rPois    +         Spirit   .   N - +0 helmet
rElec    +         Reflect  .   (no cloak)
rCorr    +         Harm     .   (no gloves)
MR       .....                  (no boots)
Stlth    +.........             m - amulet of regeneration
Regen    0.7/turn               z - ring of flight
MPRegen  0.2/turn               P - +2 ring of dexterity

@: mighty, agile, resistant, hasted, very quick
A: hooves 2, powered by pain 1, augmentation 1, sturdy frame 2
a: Potion Petition, Call Merchant, Bribe Branch, Renounce Religion, Evoke Flight


You were in an ice cave.
You worshipped Gozag.
Gozag was pleased with you.
You were not hungry.

You visited 1 branch of the dungeon, and saw 11 of its levels.
You also visited: Ice Cave.

You collected 2420 gold pieces.
You paid 1489 gold pieces to Gozag.

Inventory:

Hand Weapons
 a - a +1 flail
 d - a +0 scimitar of flaming (weapon)
 r - a +2 hand axe of venom
 u - a +4 short sword of venom
 y - a +4 war axe
 B - a +0 battleaxe
Missiles
 e - 49 sling bullets
Armour
 b - a +0 leather armour
 c - a +0 helmet
 i - a +0 scale mail (worn)
 N - a +0 helmet (worn)
Jewellery
 m - an amulet of regeneration (around neck)
 o - an uncursed ring of see invisible
 t - an uncursed ring of teleportation
 w - a +4 ring of strength
 z - a ring of flight (left hand)
 D - an uncursed ring of poison resistance
 I - an uncursed ring of resist corrosion
 P - a +2 ring of dexterity (right hand)
Wands
 L - a wand of polymorph (12/24)
 M - a wand of random effects (20/48)
Scrolls
 l - a scroll of fog {unknown}
 p - a scroll of blinking {unknown}
 s - 4 scrolls of teleportation
 v - 7 scrolls of remove curse
 E - 2 scrolls of enchant armour {unknown}
 H - 4 scrolls of amnesia {unknown}
 J - a scroll of recharging {unknown}
 K - a scroll of acquirement {unknown}
 Q - a scroll of enchant weapon
Potions
 g - 2 potions of lignification
 h - 6 potions of curing
 k - a potion of haste
 q - 2 potions of flight
 F - a potion of agility {unknown}
 G - 2 potions of might {unknown}
 O - a potion of brilliance {unknown}
Books
 f - a book of Callings

   Spells                             Type                      Level
   a - Summon Small Mammal            Summoning                    1
   b - Call Imp                       Summoning                    2
   c - Call Canine Familiar           Summoning                    3
   d - Summon Guardian Golem          Hexes/Summoning              3
   e - Summon Lightning Spire         Summoning/Air                4
   f - Summon Ice Beast               Ice/Summoning                4
Comestibles
 j - 6 royal jellies
 A - 5 bread rations


   Skills:
 + Level 8.3 Fighting
 - Level 11.7(12.0) Axes
 - Level 4.5(8.9) Maces & Flails
 - Level 1.7 Throwing
 + Level 7.1 Armour
 + Level 4.2 Dodging


You had 10 spell levels left.
You didn't know any spells.

Dungeon Overview and Level Annotations

Branches:
Dungeon (11/15)            Temple (0/1) D:7             Orc (0/2) D:9
   Lair: D:8-11

Altars:
Cheibriados
Dithmenos
Elyvilon
Fedhas
Gozag
Kikubaaqudgha
Makhleb
Okawaru
Sif Muna
Vehumet
Xom
Yredelemnul
The Shining One


Innate Abilities, Weirdness & Mutations

You have hoof-like feet.
You sometimes gain a little power by taking damage.
Your magical and physical power is slightly enhanced at high health.
Your movements are less encumbered by armour. (ER -4)


Message History

[c] - 252 gold - invisibility and agility Purchase which effect?
You feel yourself speed up.
You feel more agile all of a sudden.
You feel much better. The ice devil hits you.
* * * LOW HITPOINT WARNING * * *
The ice devil freezes you. You resist.
* * * LOW HITPOINT WARNING * * *
You hit the ice devil. You burn the ice devil.
You kick the ice devil, but do no damage.
The ice devil is severely wounded.
The ice devil misses you.
You closely miss the ice devil.
You kick the ice devil, but do no damage.
The ice devil is severely wounded.
The ice devil hits you.
* * * LOW HITPOINT WARNING * * *
The ice devil freezes you! You resist.
You die...
Your body crumbles into a pile of gold.

..# ... .... .....
#### .....# ##..##
......######....##
........##.......#
..........4..∩∩..#
..........$@.....#
......##..##....##
.....# ######..##
..... #### ....
... ..#


You could see an ice devil.

Vanquished Creatures
  Erica (D:9)
  A two-headed ogre (D:10)
  A tengu warrior (D:11)
  An ice devil (IceCv)
  A tengu conjurer (D:11)
  2 trolls
  2 hippogriffs (D:8)
  4 yaks (D:6)
  A wyvern (D:9)
  4 hogs (D:7)
  A human (D:7)
  2 hungry ghosts (D:7)
  A sky beast (D:5)
  3 orc warriors
  A hornet zombie (D:7)
  3 phantoms
  5 black bears
  6 ogres
  5 ice beasts
  3 centaurs
  6 bullfrogs
  6 scorpions
  8 wights
  3 electric eels (D:8)
  6 crimson imps
  2 centaur zombies
  3 bullfrog zombies
  A jelly (D:7)
  8 orc wizards
  4 hounds
  2 centaur skeletons
  6 orc priests
  A bullfrog skeleton (D:6)
  4 iguanas
  8 worker ants
  A killer bee zombie (D:10)
  2 hound zombies
  6 gnolls (D:4)
  20 adders
  2 shadow imps
  An ooze (D:1)
  2 adder skeletons (D:5)
  An adder zombie (D:7)
  3 worms
  2 dart slugs
  7 leopard geckos
  30 orcs
  2 ball pythons (D:6)
  10 giant cockroaches
  8 goblins
  8 hobgoblins
  15 jackals
  9 quokkas
  6 bats
  5 frilled lizards
  11 kobolds
  2 quokka skeletons
  10 rats
279 creatures vanquished.

Vanquished Creatures (others)
  An adder (D:3)
  A plant (D:8)
2 creatures vanquished.

Grand Total: 281 creatures vanquished

Notes
Turn   | Place    | Note
-------+----------+-------------------------------------------
     0 | D:1      | botchamania the Demonspawn Gladiator began the quest for the Orb.
     0 | D:1      | Reached XP level 1. HP: 16/16 MP: 1/1
   273 | D:1      | Gained mutation: You have large cloven feet. [demonic ancestry]
   273 | D:1      | Reached XP level 2. HP: 22/22 MP: 2/2
   714 | D:1      | Gained mutation: You have hoof-like feet. [demonic ancestry]
   714 | D:1      | Reached XP level 3. HP: 23/27 MP: 3/3
  1038 | D:2      | Found an opulent altar of Gozag.
  1041 | D:2      | Became a worshipper of Gozag Ym Sagoz the Greedy
  1061 | D:2      | Found a deep blue altar of Sif Muna.
  1801 | D:3      | Gained mutation: Your movements are slightly less encumbered by armour. (ER -2) [demonic ancestry]
  1801 | D:3      | Reached XP level 4. HP: 33/33 MP: 4/4
  1825 | D:3      | Found a basalt altar of Yredelemnul.
  1827 | D:3      | Noticed a profane servitor
  1937 | D:3      | Reached skill level 1 in Axes
  1949 | D:3      | Reached skill level 2 in Axes
  2000 | D:3      | Found a burning altar of Makhleb.
  2049 | D:3      | Reached XP level 5. HP: 38/38 MP: 5/5
  2061 | D:3      | Found an ancient bone altar of Kikubaaqudgha.
  2102 | D:3      | Found a shimmering altar of Xom.
  2322 | D:3      | Found a shimmering altar of Xom.
  2402 | D:3      | Found a glowing golden altar of the Shining One.
  2409 | D:3      | Noticed an angel
  2479 | D:3      | Reached skill level 3 in Axes
  2542 | D:4      | Found a white marble altar of Elyvilon.
  2611 | D:4      | Gained mutation: You sometimes gain a little power by taking damage. [demonic ancestry]
  2611 | D:4      | Reached XP level 6. HP: 24/44 MP: 6/6
  2689 | D:4      | Reached skill level 4 in Axes
  2900 | D:4      | Reached skill level 5 in Axes
  3311 | D:4      | Reached skill level 1 in Armour
  3391 | D:4      | Reached XP level 7. HP: 45/51 MP: 7/7
  3712 | D:5      | Entered Level 5 of the Dungeon
  4043 | D:5      | Reached XP level 8. HP: 42/61 MP: 8/8
  4226 | D:5      | Reached skill level 5 in Fighting
  4706 | D:6      | Reached skill level 5 in Armour
  4766 | D:6      | Gained mutation: Your movements are less encumbered by armour. (ER -4) [demonic ancestry]
  4766 | D:6      | Reached XP level 9. HP: 51/72 MP: 9/9
  5193 | D:7      | Found a staircase to the Ecumenical Temple.
  5198 | D:7      | Reached skill level 6 in Axes
  5399 | D:6      | Reached skill level 7 in Axes
  5596 | D:6      | Found a snail-covered altar of Cheibriados.
  5965 | D:7      | Reached skill level 8 in Axes
  6222 | D:7      | Reached XP level 10. HP: 71/79 MP: 10/10
  6234 | D:7      | Reached skill level 9 in Axes
  7045 | D:8      | Found an iron altar of Okawaru.
  7161 | D:8      | Reached skill level 10 in Axes
  8273 | D:9      | Noticed Erica
  8291 | D:9      | Killed Erica
  8291 | D:9      | Reached skill level 11 in Axes
  8620 | D:9      | Found a shadowy altar of Dithmenos.
  8676 | D:9      | Found a staircase to the Orcish Mines.
  8686 | D:9      | Found a radiant altar of Vehumet.
  8686 | D:9      | Found a blossoming altar of Fedhas.
  8921 | D:10     | Entered Level 10 of the Dungeon
  9288 | D:10     | Gained mutation: Your magical and physical power is slightly enhanced at high health. [demonic ancestry]
  9288 | D:10     | Reached XP level 11. HP: 76/84 MP: 11/11
  9486 | D:10     | Noticed a two-headed ogre
  9507 | D:10     | Killed a two-headed ogre
  9749 | D:11     | Noticed a tengu warrior
  9769 | D:11     | Killed a tengu warrior
  9814 | D:11     | Found a frozen archway.
  9817 | D:11     | Noticed a four-headed hydra
  9820 | IceCv    | Entered an ice cave
  9856 | IceCv    | Slain by an ice devil

Skill      XL: |  1  2  3  4  5  6  7  8  9 10 11 |
---------------+----------------------------------+-----
Maces & Flails | 3 4 |  4.5
Axes           | 2 3 5 8 11 | 11.7
Armour         | 1 3 5 6 7 |  7.1
Fighting       | 4 7 8 |  8.3
Dodging        | 4 |  4.2
Throwing       | |  1.7

Action                   |  1- 3 |  4- 6 |  7- 9 | 10-12 || total
-------------------------+-------+-------+-------+-------++-------
Melee: Flail             |   125 |       |       |       ||   125
       Kick              |    21 |    55 |   153 |   158 ||   387
       Hand axe          |     4 |   185 |   422 |   358 ||   969
       Scimitar          |       |       |       |    19 ||    19
       War axe           |       |       |       |    28 ||    28
Throw: Throwing net      |       |       |     3 |     3 ||     6
Invok: Potion Petition   |       |       |     4 |     2 ||     6
  Use: Scroll            |     4 |       |     7 |     2 ||    13
       Potion            |       |       |     2 |     5 ||     7
 Stab: Distracted        |       |     1 |       |     2 ||     3
       Held in net/web   |       |       |     2 |     2 ||     4
       Confused          |       |       |       |     3 ||     3
       Invisible         |       |       |       |     2 ||     2
  Eat: Bread ration      |     1 |     1 |     1 |       ||     3
       Royal jelly       |       |       |     1 |     1 ||     2
       Fruit             |       |       |     3 |       ||     3
       Meat ration       |       |       |     2 |     3 ||     5
Armor: Scale mail        |    62 |    59 |   135 |   107 ||   363
       Leather armour    |     1 |       |       |       ||     1
Dodge: Dodged            |    87 |    99 |   218 |   200 ||   604
       Rpst.: Scimitar   |       |       |       |     5 ||     5
